 Dungeon Crawl Stone Soup version 0.29.1-12-g30fa7ad0bf (webtiles) character file.

Game seed: 3982421640975951060

211 mopl the Stinger (level 5, 0/31 HPs)
             Began as an Octopode Venom Mage on Jan 16, 2023.
             Slain by a gnoll bouda
             ... wielding a +0 club
              (12 damage)
             ... on level 4 of the Dungeon.
             The game lasted 00:04:03 (2668 turns).

mopl the Stinger (Octopode Venom Mage)              Turns: 2668, Time: 00:04:03

Health: 0/31       AC:  1    Str:  7    XL:     5   Next: 88%
Magic:  7/9        EV: 13    Int: 19    God:
Gold:   211        SH:  0    Dex: 13    Spells: 4/10 levels left

rFire   . . .      SeeInvis .   a - +0 dagger
rCold   . . .      Faith    .   (no shield)
rNeg    . . .      Spirit   .   (helmet restricted)
rPois   .          Reflect  .   (no amulet)
rElec   .          Harm     .   g - ring of resist corrosion
rCorr   +          Rampage  .   (no ring)
Will    .....                   (no ring)
Stlth   ++++......              (no ring)
HPRegen 0.10/turn               (no ring)
MPRegen 0.11/turn               (no ring)
                                (no ring)
                                (no ring)

@: studying Axes
A: almost no armour, amphibious, 8 rings, camouflage 1, gelatinous body 1,
(nimble swimmer 1), tentacles
a: no special abilities


You were on level 4 of the Dungeon.
You visited 1 branch of the dungeon, and saw 4 of its levels.

You collected 211 gold pieces.

Inventory:

Hand Weapons
 a - a +0 dagger (weapon)
 s - a +2 scimitar of holy wrath
Missiles
 p - 3 javelins
Magical Staves
 w - a staff of conjuration
Jewellery
 g - a ring of resist corrosion (left tentacle)
Scrolls
 b - a scroll of enchant weapon {unknown}
 d - 6 scrolls of identify {unknown}
 i - a scroll of noise {unknown}
 j - 2 scrolls of teleportation {unknown}
 l - a scroll of silence {unknown}
 m - a scroll of blinking {unknown}
 n - a scroll of magic mapping {unknown}
 o - a scroll of brand weapon {unknown}
 t - a scroll of fear {unknown}
Potions
 c - a potion of magic
 e - 4 potions of curing
 f - 2 potions of mutation {unknown}
 h - a potion of might {unknown}
 k - a potion of brilliance {unknown}
 q - a potion of resistance {unknown}
 r - 2 potions of lignification {unknown}
 u - a potion of berserk rage {unknown}
 v - 2 potions of haste {unknown}


   Skills:
 - Level 2.0 Dodging
 + Level 4.6 Stealth
 + Level 3.0 Spellcasting
 + Level 1.8 Conjurations
 - Level 1.0 Transmutations
 + Level 2.1 Air Magic
 + Level 4.8 Poison Magic


You had 4 spell levels left.
You knew the following spells:

 Your Spells              Type           Power      Damage    Failure   Level
a - Sting                 Tmut/Pois      52%        1d5       4%          1
b - Poisonous Vapours     Pois/Air       32%        N/A       5%          2
d - Mephitic Cloud        Conj/Pois/Air  14%        N/A       14%         3

Your spell library contained the following spells:

 Spells                   Type           Power      Damage    Failure   Level
 Slow                     Hex            8%         N/A       16%         1
 Olgreb's Toxic Radiance  Pois           21%        N/A       22%         4
 Confusing Touch          Hex            2%         N/A       41%         3
 Vampiric Draining        Necr           2%         2d6       41%         3
 Airstrike                Air            5%         2d(1-17)  54%         4
 Summon Lightning Spire   Summ/Air       6%         N/A       69%         4
 Lightning Bolt           Conj/Air       5%         1d17      88%         5


Dungeon Overview and Level Annotations

Branches:
Dungeon (4/15)
 Temple: D:4-7

Altars:

Annotations:
D:2 1 runed translucent door, Crazy Yiuf
D:3 Grinder


Innate Abilities, Weirdness & Mutations

You cannot wear most types of armour.
You are amphibious.
You can wear up to eight rings at the same time.
Your skin changes colour to match your surroundings (Stealth+).
Your rubbery body absorbs attacks. (AC +1, EV +1)
((You are camouflaged when in or above water. (Stealth+)))
You have tentacles for arms and can constrict up to eight enemies at once.


Message History

You constrict the gnoll.
The gnoll bouda gazes fiercely through you!
You feel your attacks grow feeble.
The gnoll is engulfed in noxious fumes.
The gnoll hits itself with a +0 spear!
You catch the helpless gnoll completely off-guard!
You puncture the gnoll!
You kill the gnoll!
The gnoll bouda barks out a call to the hunt!
The gnoll picks up the pace!
The gnoll hits itself with a +0 whip!
You see here a +0 spear.
The gnoll hits you with a +0 whip.
You strike the helpless gnoll from behind!
You hit the gnoll.
You kill the gnoll!
Your attacks no longer feel as feeble.
The gnoll bouda gazes fiercely through you!
You feel your attacks grow feeble.
You hit the gnoll bouda. You grab the gnoll bouda.
The gnoll bouda is moderately wounded.
You constrict the gnoll bouda, but do no damage.
The gnoll bouda hits you with a +0 club.
You hit the gnoll bouda but do no damage.
The gnoll bouda is moderately wounded.
You constrict the gnoll bouda, but do no damage.
The gnoll bouda misses you.
You hit the gnoll bouda but do no damage.
The gnoll bouda is moderately wounded.
Your attacks no longer feel as feeble.
You constrict the gnoll bouda.
The gnoll bouda hits you with a +0 club!
You are too injured to fight recklessly!
You hit the gnoll bouda.
The gnoll bouda is heavily wounded.
You constrict the gnoll bouda. The gnoll bouda misses you.
You completely miss the gnoll bouda.
The gnoll bouda is heavily wounded.
You constrict the gnoll bouda.
The gnoll bouda hits you with a +0 club!
You die...

##.....#
###..<#
###.##
#..##
##..#
##.# #.#
#)# #@#
#g# #g#
#!.#
##..##
###
#...#
#.. ##.!
#..
#.####
###..
#....##
#....


You could see a gnoll bouda and a gnoll (swift).

Vanquished Creatures
  A howler monkey (D:4)
  An orc priest (D:3)
  5 adders
  2 gnolls (D:4)
  A worm (D:2)
  A dart slug (D:2)
  4 orcs (D:3)
  11 ball pythons
  8 endoplasms
  2 giant cockroaches (D:1)
  3 goblins
  6 hobgoblins
  4 jackals (D:4)
  6 kobolds
  7 bats
  3 frilled lizards
  5 rats
70 creatures vanquished.

Notes
Turn   | Place    | Note
-------+----------+-------------------------------------------
     0 | D:1      | mopl the Octopode Venom Mage began the quest for the Orb.
     0 | D:1      | Reached XP level 1. HP: 11/11 MP: 3/3
     3 | D:1      | Noticed a human
     6 | D:1      | Noticed a vine stalker
     7 | D:1      | Noticed a minotaur zombie
    18 | D:1      | Noticed a minotaur zombie
    20 | D:1      | Noticed an elf
    20 | D:1      | Noticed a minotaur
   388 | D:1      | Reached skill level 3 in Stealth
   439 | D:1      | Reached XP level 2. HP: 15/17 MP: 3/5
   464 | D:1      | Learned a level 2 spell: Poisonous Vapours
   474 | D:1      | Reached skill level 4 in Poison Magic
   950 | D:1      | Reached XP level 3. HP: 21/21 MP: 4/6
   954 | D:1      | Learned a level 3 spell: Mephitic Cloud
  1308 | D:2      | Reached skill level 1 in Air Magic
  1459 | D:2      | Reached XP level 4. HP: 20/27 MP: 5/7
  1782 | D:2      | Reached skill level 1 in Conjurations
  1785 | D:2      | Reached skill level 4 in Stealth
  1911 | D:2      | Found a runed translucent door.
  1912 | D:2      | Noticed Crazy Yiuf
  2047 | D:3      | Reached XP level 5. HP: 17/31 MP: 1/9
  2151 | D:3      | Noticed Grinder
  2634 | D:4      | Reached skill level 3 in Spellcasting
  2634 | D:4      | Reached skill level 2 in Air Magic
  2668 | D:4      | Slain by a gnoll bouda

Illustrated notes

Levels and vault maps discovered:
D:1:      shiori_arrival_whats_in_store_for_you, layout_rooms,
          hangedman_decor_slide_cut, dk_noncrumbling_2, minmay_vboxes
D:2:      wad_pebble_path, layout_basic, chequers_serial_rivers_large_a,
          minmay_heptomino_h4, uniq_crazy_yiuf_cottage
D:3:      layout_basic, uniq_terence, uniq_grinder, uniq_natasha, uniq_robin
D:4:      layout_basic

Skill      XL: |  1  2  3  4  5 |
---------------+----------------+-----
Stealth        | 3 4 |  4.6
Poison Magic   | 4 |  4.8
Air Magic      | 1 2 |  2.1
Conjurations   | 1 |  1.8
Spellcasting   | 3 |  3.0
Dodging        | |  2.0
Transmutations | |  1.0

Action                   |  1- 3 |  4- 6 || total
-------------------------+-------+-------++-------
Melee: Dagger            |    31 |    53 ||    84
       Constrict         |     9 |    17 ||    26
       Unarmed           |     3 |       ||     3
       Tentacles         |     8 |    13 ||    21
 Cast: Sting             |    29 |    44 ||    73
       Mephitic Cloud    |       |     1 ||     1
 Stab: Sleeping          |     3 |     3 ||     6
       Confused          |       |     2 ||     2
Armor: Skin              |     3 |     4 ||     7
Dodge: Dodged            |    32 |    48 ||    80
